 Dungeon Crawl Stone Soup version 0.22.1-2-g9c5b331 (webtiles) character file.

5222 Lilu the Fighter (level 10, 0/142 HPs)
             Began as a Minotaur Fighter on Nov 14, 2018.
             Was an Initiate of Makhleb.
             Killed by the air
             ... invoked by Gastronok
              (23 damage)
             ... on level 8 of the Dungeon.
             The game lasted 00:19:56 (8507 turns).

Lilu the Fighter (Minotaur Fighter)                 Turns: 8507, Time: 00:19:58

Health: 0/142      AC: 25    Str: 24    XL:     10   Next: 35%
Magic:  9/9        EV:  2    Int:  5    God:    Makhleb [......]
Gold:   306        SH: 14    Dex: 10    Spells: 9/9 levels left

rFire    . . .     SeeInvis .   a - +0 war axe
rCold    . . .     Gourm    .   c - +0 shield
rNeg     + + +     Faith    .   (armour currently unavailable)
rPois    +         Spirit   .   (helmet currently unavailable)
rElec    .         Reflect  +   (cloak currently unavailable)
rCorr    +         Harm     .   (gloves currently unavailable)
MR       .....     NoTele   +   (boots currently unavailable)
Stlth    +.........             F - +3 amulet of reflection
HPRegen  0.33/turn              g - ring of poison resistance
MPRegen  0.11/turn              q - ring of resist corrosion

@: tree-form, slowed, very slow
A: (retaliatory headbutt)
a: Renounce Religion


You were on level 8 of the Dungeon.
You worshipped Makhleb.
Makhleb was noncommittal.
You were not hungry.
You were a tree.
You visited 2 branches of the dungeon, and saw 9 of its levels.

You collected 306 gold pieces.

Inventory:

Hand Weapons
 a - a +0 war axe (weapon)
 H - a +0 shortbow
Missiles
 u - 2 tomahawks (quivered)
 I - 53 arrows
Armour
 c - a +0 shield (worn)
 B - a +4 ring mail (melded)
Jewellery
 g - a ring of poison resistance (left branch)
 q - a ring of resist corrosion (right branch)
 F - a +3 amulet of reflection (around neck)
Wands
 K - a wand of iceblast (3)
Scrolls
 e - 4 scrolls of noise {unknown}
 i - 5 scrolls of teleportation {unknown}
 k - 5 scrolls of identify {unknown}
 l - 3 scrolls of remove curse {unknown}
 p - a scroll of enchant armour {unknown}
 t - 2 scrolls of enchant weapon {unknown}
 w - 2 scrolls of amnesia {unknown}
 x - 2 scrolls of fear {unknown}
 y - a scroll of blinking {unknown}
 z - 3 scrolls of fog {unknown}
 C - 2 scrolls of magic mapping {unknown}
 D - 3 scrolls of immolation {unknown}
Potions
 b - a potion of mutation {unknown}
 d - a potion of magic {unknown}
 h - a potion of brilliance {unknown}
 j - 5 potions of curing
 m - 2 potions of lignification
 n - a potion of experience {unknown}
 o - a potion of haste {unknown}
 s - 3 potions of heal wounds {unknown}
 v - a potion of agility {unknown}
 A - 2 potions of cancellation {unknown}
 E - a potion of degeneration {unknown}
 G - a potion of ambrosia {unknown}
 J - a potion of berserk rage {unknown}
Comestibles
 f - 8 rations


   Skills:
 * Level 11.1 Fighting
 + Level 9.8 Axes
 + Level 9.1 Armour
 + Level 9.1 Shields


You had 9 spell levels left.
You didn't know any spells.
Your spell library was empty.

Dungeon Overview and Level Annotations

Branches:
Dungeon (8/15)             Temple (1/1) D:7
   Lair: D:8-11

Altars:
Ashenzari
Cheibriados
Dithmenos
Elyvilon
Fedhas
Makhleb
Qazlal
Ru
Sif Muna
Trog
Wu Jian
Xom
Yredelemnul
The Shining One

Shops:
D:5 (   D:7 =   D:8 [=%*

Annotations:
D:7 3 runed doors, Rwicked's ghost, novice GrFE
D:8 Gastronok; Prince Ribbit


Innate Abilities, Weirdness & Mutations

((You reflexively headbutt those who attack you in melee.))
((You have a pair of horns on your head.))


Message History

Gastronok bites you but does no damage. You block Prince Ribbit's attack.
You hit Gastronok.
Gastronok is severely wounded.
Your shield prevents you from hitting Prince Ribbit.
Prince Ribbit hits you but does no damage.
Prince Ribbit blinks!
You hit Gastronok.
Gastronok is severely wounded.
You block Gastronok's attack.
You slash Gastronok!
Gastronok is almost dead.
Gastronok bites you but does no damage.
You hit Gastronok but do no damage.
Gastronok is almost dead.
You hit Prince Ribbit.
Prince Ribbit hits you but does no damage.
You block Prince Ribbit's attack.
Gastronok waves his eye-stalks in wide circles.
The air twists around and strikes you!
You die...

#####.###.........###
#................
#####.#........####.
#....###.....(####.#
#.###.#.##...##....# #.
##># #..# #.##.# ####.#
##.###.## #.###.
##....F##...##. #.####
......w♣(.#.# #.#...
##.$...##...##.####..#.#
#..... ######......###.
....... #####...#..
###..## #.##.#. #..
#.##.#. #. #.##.#. #.
#.##... #.##...


You could see Gastronok and Prince Ribbit.

Vanquished Creatures
  Harold (D:8)
  An ugly thing (D:7)
  A gargoyle (D:8)
  Psyche (D:8)
  Eustachio (D:4)
  A sky beast (D:6)
  A water moccasin (D:7)
  2 ice beasts
  A black bear (D:7)
  A hornet zombie (D:8)
  2 orc warriors
  3 ogres
  2 phantoms
  A centaur (D:7)
  A big kobold (D:8)
  3 bullfrogs
  A water moccasin skeleton (D:7)
  6 scorpions
  4 howler monkeys
  2 bullfrog zombies
  5 crimson imps
  4 hounds
  2 jellies
  A bullfrog skeleton (D:5)
  3 orc priests
  10 orc wizards
  4 worker ants
  A hound skeleton (D:5)
  A worker ant zombie (D:6)
  8 gnolls
  A howler monkey skeleton (D:8)
  18 adders
  An ooze (D:3)
  An adder zombie (D:5)
  3 worms
  A dart slug (D:1)
  4 leopard geckos
  31 orcs
  4 giant cockroaches
  7 hobgoblins
  17 jackals
  7 quokkas
  A ball python (D:6)
  6 bats
  3 frilled lizards
  12 goblins
  19 kobolds
  A leopard gecko skeleton (D:4)
  16 rats
228 creatures vanquished.

Vanquished Creatures (others)
  A centaur (D:7)
1 creature vanquished.

Grand Total: 229 creatures vanquished

Notes
Turn   | Place    | Note
-------+----------+-------------------------------------------
     0 | D:1      | Lilu the Minotaur Fighter began the quest for the Orb.
     0 | D:1      | Reached XP level 1. HP: 19/19 MP: 0/0
   224 | D:1      | Reached XP level 2. HP: 27/27 MP: 1/1
   438 | D:1      | Reached skill level 4 in Fighting
   438 | D:1      | Reached XP level 3. HP: 28/33 MP: 2/2
  1142 | D:2      | Reached XP level 4. HP: 32/40 MP: 3/3
  1808 | D:3      | Reached XP level 5. HP: 34/47 MP: 4/4
  2784 | D:4      | Reached skill level 5 in Axes
  2785 | D:4      | Reached XP level 6. HP: 50/55 MP: 5/5
  2951 | D:4      | Reached skill level 5 in Shields
  2980 | D:4      | Reached skill level 5 in Armour
  3124 | D:4      | Reached skill level 5 in Fighting
  3376 | D:4      | Reached XP level 7. HP: 37/61 MP: 6/6
  3716 | D:4      | Noticed Eustachio
  3737 | D:4      | Killed Eustachio
  3859 | D:5      | Entered Level 5 of the Dungeon
  3988 | D:5      | Found Soom's Weapon Emporium.
  4607 | D:5      | Reached skill level 6 in Fighting
  4696 | D:5      | Reached XP level 8. HP: 52/71 MP: 7/7
  4808 | D:5      | Found a shadowy altar of Dithmenos.
  5017 | D:6      | Reached skill level 7 in Fighting
  5302 | D:6      | Reached skill level 8 in Fighting
  5660 | D:6      | Reached XP level 9. HP: 70/82 MP: 8/8
  5805 | D:7      | Found a runed gate.
  5805 | D:7      | Found a runed gate.
  5805 | D:7      | Found a runed gate.
  5806 | D:7      | Noticed Rwicked's ghost (novice GrFE)
  6046 | D:7      | Found a deep blue altar of Sif Muna.
  6287 | D:7      | Reached skill level 9 in Fighting
  6312 | D:7      | Found a staircase to the Ecumenical Temple.
  6533 | Temple   | Entered the Ecumenical Temple
  6588 | Temple   | Became a worshipper of Makhleb the Destroyer
  7451 | D:8      | Found Gejutoet's Jewellery Boutique.
  7451 | D:8      | Noticed a purple ugly thing
  7511 | D:7      | Killed a purple ugly thing
  7511 | D:7      | Reached skill level 10 in Fighting
  7815 | D:8      | Found Cotz's Food Shop.
  7857 | D:8      | Noticed a gargoyle
  7876 | D:8      | Killed a gargoyle
  7950 | D:8      | Noticed Harold
  7950 | D:8      | Noticed Psyche
  7967 | D:8      | Killed Psyche
  7967 | D:8      | Reached XP level 10. HP: 31/94 MP: 9/9
  7974 | D:8      | Killed Harold
  8245 | D:8      | Found Leugg's Assorted Antiques.
  8275 | D:8      | Reached skill level 11 in Fighting
  8308 | D:8      | Found Neyn's Antique Armour Shoppe.
  8465 | D:8      | Noticed Prince Ribbit
  8471 | D:8      | Noticed Gastronok
  8507 | D:8      | Killed from afar by Gastronok

Skill      XL: |  1  2  3  4  5  6  7  8  9 10 |
---------------+-------------------------------+-----
Axes           | 3 4 5 6 7 8 9 |  9.8
Shields        | 4 5 6 7 8 9 |  9.1
Fighting       | 4 5 6 8 10 11 | 11.1
Armour         | 4 5 6 7 8 9 |  9.1

Action                   |  1- 3 |  4- 6 |  7- 9 | 10-12 || total
-------------------------+-------+-------+-------+-------++-------
Melee: War axe           |    79 |   177 |   355 |    84 ||   695
       Headbutt          |     9 |    17 |    81 |    17 ||   124
  Use: Potion            |       |       |     1 |     2 ||     3
  Eat: Chunk             |     1 |     7 |    13 |     1 ||    22
       Ration            |       |       |     1 |       ||     1
Armor: Scale mail        |    52 |    49 |       |       ||   101
       Ring mail         |       |    15 |   132 |    23 ||   170
       Skin              |       |       |       |    10 ||    10
Dodge: Dodged            |    41 |    54 |    78 |    21 ||   194
Block: Shield            |    55 |   108 |   215 |    43 ||   421
       Reflection        |       |       |     4 |       ||     4
